 Dungeon Crawl Stone Soup version 0.31-a0-435-g2c6fae2916 (webtiles) character file.

Game seed: 4795501966980348183

214149 Bnni the Fencer (level 18, -26/117 HPs)
             Began as a Tengu Fighter on Aug 1, 2023.
             Was the Champion of Zin.
             Annihilated by a kraken (30 damage)
             ... on level 3 of the Shoals.
             The game lasted 01:24:11 (32474 turns).

Bnni the Fencer (Tengu Fighter)                    Turns: 32474, Time: 01:24:11

Health: -26/117    AC: 31    Str: 23    XL:     18   Next: 98%
Magic:  39/39      EV: 22    Int:  8    God:    Zin [******]
Gold:   1312       SH: 13    Dex: 22    Spells: 17/17 levels left

rFire   . . .        p - +5 double sword (protect)
rCold   + + .        z - +0 kite shield
rNeg    + + +        N - +3 ice dragon scales of Zuochass {rElec rF- rC++ Will- Slay+4}
rPois   +            u - +1 hat of Action {rPois rC- rN++}
rElec   +            m - +2 cloak
rCorr   +            r - +0 pair of gloves
SInv    .            (boots unavailable)
Will    .....        U - amulet of Biumoi {Regen+ Str+6} Stlth
                     e - ring "Acvieco" {rCorr MP+9 Slay+3}
HPRegen 1.19/turn    R - ring "Hicideera" {rPois rF+ rC+ rN+}
MPRegen 0.26/turn

%: no passive effects
@: under a protective aura, flying quickly and evasively, studying 2 skills,
quick
A: beak, talons 3, nimble flight
}: 1/15 runes: gossamer
a: Renounce Religion, Recite, Vitalisation, Imprison, Sanctuary, Donate Gold


You were on level 3 of the Shoals.
You worshipped Zin.
Zin was exalted by your worship.
You visited 6 branches of the dungeon, and saw 30 of its levels.
You visited the Abyss 1 time.
You also visited: Bailey and Ice Cave.

You collected 2611 gold pieces.
You spent 164 gold pieces at shops.
You donated 1135 gold pieces to Zin.

Inventory:

Hand Weapons
 p - a +5 double sword of protection (weapon)
 F - a +9 eudemon blade of holy wrath
 T - a +2 scimitar of flaming
Missiles
 b - 5 curare-tipped darts
 l - 41 boomerangs (quivered)
 L - 3 throwing nets
 M - 2 silver javelins
Armour
 m - a +2 cloak (worn)
 n - a +2 hat of see invisible
 r - a +0 pair of gloves (worn)
 u - the +1 hat of Action (worn) {rPois rC- rN++}
   (You found it on level 13 of the Dungeon)

   rC:        It makes you vulnerable to cold.
   rPois:     It protects you from poison.
   rN:        It greatly protects you from negative energy.
 z - a +0 kite shield (worn)
 N - the +3 ice dragon scales of Zuochass (worn) {rElec rF- rC++ Will- Slay+4}
   (You found it in an ice cave)

   Slay:      It affects your accuracy & damage with ranged weapons and melee
   (+4).
   rF:        It makes you vulnerable to fire.
   rC:        It greatly protects you from cold.
   rElec:     It insulates you from electricity.
   Will:      It decreases your willpower.
Jewellery
 e - the ring "Acvieco" (left hand) {rCorr MP+9 Slay+3}
   (You found it on level 1 of the Lair of Beasts)

   [ring of magical power]

   Slay:      It affects your accuracy & damage with ranged weapons and melee
   (+3).
   MP:        It affects your magic capacity (+9).
   rCorr:     It protects you from acid and corrosion.
 q - a ring of protection from cold
 v - a ring of positive energy
 R - the ring "Hicideera" (right hand) {rPois rF+ rC+ rN+}
   (You found it in an ice cave)

   [ring of protection from fire]

   rF:        It protects you from fire.
   rC:        It protects you from cold.
   rPois:     It protects you from poison.
   rN:        It protects you from negative energy.
 U - the amulet of Biumoi (around neck) {Regen+ Str+6}
   (You found it on level 5 of the Lair of Beasts)

   [amulet of regeneration]

   Str:       It affects your strength (+6).
   Regen:     It increases your rate of health regeneration.
Wands
 w - a wand of light (2)
 x - a wand of flame (7)
 E - a wand of iceblast (18)
 H - a wand of charming (11)
 I - a wand of polymorph (12)
Scrolls
 a - 2 scrolls of blinking
 f - 5 scrolls of enchant armour
 o - 6 scrolls of poison
 s - 7 scrolls of immolation
 y - 3 scrolls of teleportation
 C - 8 scrolls of fog
 D - 2 scrolls of summoning
 J - a scroll of silence
 P - 3 scrolls of revelation
 W - 2 scrolls of fear
Potions
 c - 3 potions of ambrosia
 d - 4 potions of enlightenment
 g - 6 potions of magic
 i - 2 potions of berserk rage
 j - 6 potions of curing
 k - 6 potions of resistance
 t - 6 potions of mutation
 A - 6 potions of heal wounds
 B - a potion of haste
 G - 4 potions of attraction
 K - 3 potions of cancellation
 O - 5 potions of invisibility
 X - 6 potions of might
Miscellaneous
 h - a phial of floods
 Z - a lightning rod (4/4)


   Skills:
 + Level 14.5 Fighting
 - Level 16.0 Long Blades
 * Level 10.0 Throwing
 + Level 14.3 Armour
 + Level 13.6 Dodging
 - Level 10.0 Shields
 + Level 15.5 Invocations


You had 17 spell levels left.
You didn't know any spells.
Your spell library contained the following spells:

 Spells                   Type           Power      Damage    Failure   Level
 Magic Dart               Conj           0%         1d3       86%         1
 Slow                     Hex            0%         N/A       86%         1
 Summon Small Mammal      Summ           0%         N/A       86%         1
 Call Imp                 Summ           0%         N/A       95%         2
 Poisonous Vapours        Pois/Air       0%         N/A       95%         2
 Scorch                   Fire           0%         2d5       95%         2
 Call Canine Familiar     Summ           0%         N/A       99%         3
 Confusing Touch          Hex            0%         N/A       99%         3
 Mephitic Cloud           Conj/Pois/Air  0%         N/A       99%         3
 Portal Projectile        Hex/Tloc       0%         N/A       99%         3
 Summon Guardian Golem    Hex/Summ       0%         N/A       99%         3
 Tukima's Dance           Hex            0%         N/A       99%         3
 Vampiric Draining        Necr           0%         2d6       99%         3
 Anguish                  Hex/Necr       0%         N/A       100%        4
 Cause Fear               Hex            0%         N/A       100%        4
 Flame Wave               Conj/Fire      0%         2d4       100%        4
 Iskenderun's Mystic Bla  Conj/Tloc      0%         2d3       100%        4
 Fireball                 Conj/Fire      0%         3d3       100%        5
 Freezing Cloud           Conj/Ice/Air   0%         6-21      100%        5
 Iskenderun's Battlesphe  Conj           0%         2d6       100%        5
 Conjure Ball Lightning   Conj/Air       0%         3x3d6     100%        6
 Summon Cactus Giant      Summ           0%         N/A       100%        6
 Enfeeble                 Hex            0%         N/A       100%        7
 Orb of Destruction       Conj           0%         9d5       100%        7
 Spellforged Servitor     Conj/Summ      0%         N/A       100%        7
 Discord                  Hex            0%         N/A       100%        8
 Disjunction              Tloc           0%         N/A       100%        8


Dungeon Overview and Level Annotations

Branches:
Dungeon (15/15)            Temple (1/1) D:7            Lair (5/5) D:10
 Shoals (3/4) Lair:2       Spider (4/4) Lair:3        Slime (0/5) Lair:5
    Orc (2/2) D:10            Elf (0/3) Orc:2        Vaults (0/5) D:13
 Bailey (visited)           IceCv (visited)
 Depths: D:15

Altars:
Ashenzari
Cheibriados
Dithmenos
Elyvilon
Fedhas
Gozag
Hepliaklqana
Kikubaaqudgha
Makhleb
Nemelex Xobeh
Okawaru
Qazlal
Ru
Sif Muna
Trog
Uskayaw
Vehumet
Wu Jian
Xom
Yredelemnul
Zin
The Shining One
Jiyva
Lugonu

Shops:
D:5 ?   D:15 !   Orc:2 (:((


Innate Abilities, Weirdness & Mutations

You have a beak for a mouth.
You have claws for feet.
Your magical nature lets you fly swiftly and evasively.


Message History

The tentacle slaps you.
* * * LOW HITPOINT WARNING * * *
The tentacle closely misses you.
You feel much better.
The tentacle slaps you but does no damage.
The tentacle misses you.
The tentacle slaps you but does no damage.
A tentacle segment bursts forth from the water. x2
The kraken barely misses you. You block the tentacle's attack.
The tentacle misses you. The tentacle closely misses you.
You slash the tentacle! You claw the tentacle. You peck the tentacle.
The tentacle is moderately wounded.
The tentacle completely misses you. The tentacle closely misses you.
You block the kraken's attack. The tentacle misses you.
The tentacle completely misses you. x2
The tentacle slaps you but does no damage.
You barely miss the tentacle. Your kick misses the tentacle.
The tentacle is moderately wounded.
You block the kraken's attack. You block the tentacle's attack.
The tentacle misses you. The tentacle slaps you!
* * * LOW HITPOINT WARNING * * *
You block the tentacle's attack.
You slash the tentacle! Your kick misses the tentacle. You peck the tentacle.
The tentacle is heavily wounded.
The tentacle closely misses you.
The kraken squirts a massive cloud of ink into the water!
The tentacle slaps you but does no damage.
The tentacle misses you. x2
The tentacle slaps you but does no damage.
The tentacle closely misses you. You block the tentacle's attack.
The tentacle completely misses you.
You barely miss the tentacle. Your kick misses the tentacle.
You peck the tentacle!
The tentacle is severely wounded.
You block the tentacle's attack. The tentacle slaps you!
* * * LOW HITPOINT WARNING * * *
The tentacle completely misses you.
A tentacle segment bursts forth from the water.
The kraken bites you!!
You die...

≈≈≈≈≈≈≈≈≈≈≈≈≈≈≈≈≈≈≈≈≈≈≈
≈≈≈≈≈≈≈≈≈≈≈≈≈≈≈≈≈≈≈≈≈≈≈≈
≈≈≈≈≈≈≈≈≈≈≈≈≈≈≈≈≈≈≈≈≈≈≈≈≈
≈≈≈≈≈≈≈≈≈≈≈≈≈≈≈≈≈≈≈≈≈≈≈≈≈
≈≈≈≈≈≈≈≈≈≈≈≈≈≈≈≈≈≈≈≈≈≈≈≈≈
≈≈≈≈≈≈≈≈≈≈≈≈≈≈≈≈≈≈≈≈≈≈≈≈≈
≈≈≈≈≈§≈≈≈≈≈≈≈~~~~≈≈≈≈≈≈≈≈
≈≈≈≈≈§≈w≈≈≈~~~~~~~≈≈≈≈≈≈≈
≈≈≈≈≈§§w@≈~~~....~≈≈≈≈≈≈≈
≈≈≈≈≈§§Xww~~~....~~~≈≈≈≈≈
≈≈≈≈≈§§§§§§~.......~≈≈≈##
≈≈≈≈≈§§§§§.........#####
≈≈≈≈≈≈≈≈~.......###
≈≈≈≈≈≈≈~~......##
≈≈≈≈≈≈~~~......# ~~~
~~~~~~~~.......# #~~##
~~~~~~~~~...?.. #~~~~


You could see a kraken and 4 tentacles.

Vanquished Creatures
  Arachne (Spider:4)
  Rupert (Orc:2)
  3 liches (D:13)
  2 krakens (Shoals:2)
  Frances (Shoals:1)
  Kirke (Lair:5)
  5 ghost moths
  A deep elf sorcerer (Shoals:3)
  5 emperor scorpions
  An orc warlord (Bailey)
  A quicksilver ooze (IceCv)
  A draconian shifter (Abyss:2)
  5 broodmothers
  A deep elf annihilator (Shoals:3)
  Nessos (Orc:2)
  The ghost of Ethylacetat the Mimic, a journeyman OpSh of Gozag (D:13)
  A dire elephant (Lair:5)
  2 spark wasps (Spider:4)
  The ghost of Dahifo the Grappler, a journeyman TrMo of Hepliaklqana (D:13)
  3 merfolk impalers
  2 merfolk javelineers
  2 entropy weavers
  3 vault guards (D:13)
  2 hydras
  2 ogre magi
  3 merfolk avatars
  2 alligator snapping turtles
  A two-headed ogre (D:11)
  3 radroaches
  9 centaur warriors
  A merfolk aquamancer (Shoals:1)
  A satyr (Shoals:3)
  4 tengu warriors
  2 boulder beetles
  5 death yaks
  A death scarab (Spider:1)
  5 demonic crawlers
  5 orc high priests (Orc:2)
  2 thrashing horrors (Abyss:2)
  2 deep elf knights
  Sonja (Orc:2)
  2 wretched stars (Abyss:2)
  A sixfirhy (Abyss:2)
  9 sea snakes
  9 skysharks
  A sun moth (Spider:4)
  A pharaoh ant (Spider:4)
  A swamp dragon (shapeshifter) (Abyss:2)
  6 orb spiders
  6 steelbarb worms
  2 wizards
  A deep elf archer (Shoals:3)
  15 harpies
  2 deep elf zephyrmancers (Shoals:3)
  4 deep elf pyromancers
  10 orc knights
  3 cyclopes
  19 wolf spiders
  An orc sorcerer (Orc:1)
  6 ugly things
  11 manticores
  4 elephants (Lair:5)
  12 fauns
  A worldbinder (Abyss:2)
  9 merfolk sirens
  4 moths of wrath
  16 slime creatures (IceCv)
  Joseph (D:8)
  Maurice (D:8)
  2 water nymphs (Shoals:2)
  A smoke demon (Abyss:2)
  An apocalypse crab (Abyss:2)
  An ice statue (IceCv)
  2 gargoyles
  7 torpor snails
  An unseen horror (D:8)
  A kobold demonologist (D:11)
  3 rime drakes
  15 komodo dragons
  A yaktaur (D:13)
  A komodo dragon (shapeshifter) (D:14)
  10 cane toads
  A rime drake (shapeshifter) (D:14)
  2 tengu conjurers
  2 efreet (D:15)
  2 ice devils (D:12)
  13 merfolk
  3 trolls
  Grinder (D:4)
  2 polar bears
  5 meliai
  14 tarantellas
  3 wind drakes
  2 hornets
  17 blink frogs
  5 snapping turtles
  An iron dragon simulacrum (Abyss:2)
  12 dream sheep (Lair:5)
  5 raiju (Abyss:2)
  A shadow (D:11)
  3 flying skulls (Abyss:2)
  24 jumping spiders
  A vampire (Abyss:2)
  19 culicivoras
  3 water elementals
  A yak (shapeshifter) (D:15)
  31 yaks
  A wraith (D:12)
  2 large abominations (Abyss:2)
  2 spriggans
  5 wyverns
  4 hogs (Lair:5)
  57 redbacks
  18 vampire mosquitoes
  Grum (D:8)
  A neqoxec (Abyss:2)
  6 basilisks
  3 steam dragons
  A warg (Orc:2)
  10 water moccasins
  46 orc warriors
  A hell hound (Abyss:2)
  An ice beast (D:6)
  3 great orb of eyes simulacra (IceCv)
  3 black bears
  A meliai simulacrum (D:14)
  20 centaurs
  6 ogres
  13 wolves
  5 slime creature simulacra (IceCv)
  4 phantoms
  2 small abominations (Abyss:2)
  13 bullfrogs
  2 gnoll sergeants (D:9)
  3 scorpions
  2 glowing shapeshifter simulacra (IceCv)
  5 wights (D:6)
  2 howler monkeys (D:12)
  2 electric eels
  4 crimson imps (Abyss:2)
  8 hounds
  39 orc priests
  A jelly (D:6)
  An iron imp (Abyss:2)
  Ijyb (D:3)
  Natasha (thrice) (D:2)
  4 iguanas
  17 orc wizards
  5 hell rats (Lair:2)
  5 shapeshifter simulacra (IceCv)
  2 human simulacra (D:9)
  Robin (D:2)
  18 gnolls
  13 adders
  4 white imps
  2 ufetubi
  2 dart slugs
  A worm (D:3)
  105 orcs
  6 endoplasms
  5 giant cockroaches
  18 hobgoblins
  4 jackals
  9 kobolds
  4 quokkas
  5 ball pythons
  6 bats
  5 frilled lizards
  26 goblins
  A goblin skeleton (D:6)
  2 hobgoblin zombies (D:6)
  A kobold skeleton (D:6)
  A kobold zombie (D:6)
  2 orc skeletons (D:6)
  An orc zombie (D:6)
  6 rats
  8 tentacles (Shoals:2)
1064 creatures vanquished.

Vanquished Creatures (collateral kills)
  2 azure jellies (IceCv)
  2 emperor scorpions (Spider:4)
  A spark wasp (Spider:4)
  A demonic crawler (Spider:4)
  2 pharaoh ants (Spider:4)
  3 orb spiders (Spider:4)
  2 steelbarb worms (Spider:4)
  3 wolf spiders (Spider:4)
  A moth of wrath (Spider:4)
  2 tarantellas (Spider:4)
  4 culicivoras (Spider:4)
  A jumping spider (Spider:4)
  A redback (Spider:4)
  A hound (D:10)
26 creatures vanquished.

Vanquished Creatures (others)
  A merfolk aquamancer (Shoals:3)
  An elephant (Lair:5)
  A meliai (D:15)
  A wind drake (Lair:5)
  A raiju (Abyss:2)
  A hog (Lair:5)
  A redback (Spider:1)
  An electric eel (D:10)
  A white imp (Abyss:2)
  8 tentacles (Shoals:2)
17 creatures vanquished.

Grand Total: 1107 creatures vanquished

Notes
Turn   | Place    | Note
-------+----------+-------------------------------------------
     0 | D:1      | Bnni the Tengu Fighter began the quest for the Orb.
     0 | D:1      | Reached XP level 1. HP: 14/14 MP: 2/2
   138 | D:1      | Reached XP level 2. HP: 19/19 MP: 3/3
   652 | D:1      | Reached XP level 3. HP: 23/23 MP: 4/4
   865 | D:2      | Noticed Natasha
   877 | D:2      | Reached skill level 3 in Long Blades
   880 | D:2      | Killed Natasha
   968 | D:2      | Reached XP level 4. HP: 28/28 MP: 5/5
   983 | D:2      | Noticed Robin
  1001 | D:2      | Killed Robin
  1011 | D:2      | Noticed Natasha
  1017 | D:2      | Killed Natasha
  1044 | D:2      | Noticed Natasha
  1053 | D:2      | Killed Natasha
  1054 | D:2      | Gained mutation: Your magical nature lets you fly swiftly
                  | and evasively. [Tengu growth]
  1054 | D:2      | Reached XP level 5. HP: 31/32 MP: 6/6
  1101 | D:2      | Reached skill level 4 in Long Blades
  1226 | D:2      | Found a white marble altar of Elyvilon.
  1243 | D:2      | Became a worshipper of Elyvilon the Healer
  2584 | D:3      | Noticed Ijyb
  2597 | D:3      | HP: 1/33 [Ijyb/+0 club (2)]
  2598 | D:3      | Killed Ijyb
  2912 | D:4      | Found a burning altar of Makhleb.
  2918 | D:4      | Reached * piety under Elyvilon
  2970 | D:4      | Identified the +3 robe "Noycluphuo" {Dex+5}
  2976 | D:4      | Noticed an ogre
  2981 | D:4      | Killed an ogre
  2982 | D:4      | Reached XP level 6. HP: 38/38 MP: 7/7
  2984 | D:4      | Noticed Grinder
  2991 | D:4      | Elyvilon protects you from harm!
  2993 | D:4      | Paralysed by Grinder for 3 turns
  3135 | D:4      | Paralysed by Grinder for 4 turns
  3139 | D:4      | Killed Grinder
  3140 | D:4      | Reached skill level 5 in Long Blades
  3140 | D:4      | Reached skill level 5 in Shields
  3140 | D:4      | Reached skill level 1 in Invocations
  3140 | D:4      | Reached XP level 7. HP: 39/43 MP: 7/9
  3209 | D:4      | Found a snail-covered altar of Cheibriados.
  3632 | D:4      | Reached ** piety under Elyvilon
  3646 | D:4      | Reached skill level 6 in Long Blades
  3779 | D:5      | Entered Level 5 of the Dungeon
  3824 | D:5      | Reached XP level 8. HP: 40/48 MP: 10/10
  3913 | D:5      | Found a stormy altar of Qazlal.
  3960 | D:5      | Reached skill level 5 in Fighting
  3962 | D:5      | Reached skill level 7 in Long Blades
  3978 | D:5      | Found a shimmering blue altar of Sif Muna.
  4071 | D:5      | Found Lolukina's Magic Scroll Boutique.
  4075 | D:5      | Bought a scroll of identify for 28 gold pieces
  4075 | D:5      | Bought a scroll of identify for 28 gold pieces
  4700 | D:5      | Reached *** piety under Elyvilon
  5030 | D:6      | Reached skill level 8 in Long Blades
  5222 | D:6      | Noticed a wyvern
  5223 | D:6      | Pacified a wyvern
  5224 | D:6      | Reached XP level 9. HP: 55/55 MP: 9/13
  5342 | D:6      | Found a glowing golden altar of the Shining One.
  5407 | D:6      | Found a white marble altar of Elyvilon.
  5445 | D:6      | Reached skill level 9 in Long Blades
  5569 | D:6      | Found an ornate altar of the Wu Jian Council.
  6087 | D:7      | Identified the +2 robe of Vermicelli {+Blink rElec rC-}
  6139 | D:7      | Reached skill level 5 in Invocations
  6213 | D:7      | Reached skill level 10 in Long Blades
  6344 | D:7      | Found a staircase to the Ecumenical Temple.
  6384 | D:8      | Noticed Joseph
  6399 | D:8      | Killed Joseph
  6698 | D:7      | Reached XP level 10. HP: 28/63 MP: 12/15
  6915 | D:8      | Killed an unseen horror
  6916 | D:8      | Reached skill level 11 in Long Blades
  6980 | D:8      | Noticed Grum
  6989 | D:8      | Killed Grum
  7131 | D:8      | Noticed Maurice
  7146 | D:8      | Killed Maurice
  7354 | D:8      | Identified the +1 hat of the Lumpy Gods {Int+3}
  7468 | D:8      | Found a shadowy altar of Dithmenos.
  7571 | D:9      | Found a flagged portal.
  7648 | Bailey   | Entered a bailey
  7963 | Bailey   | Identified the +7 longbow "Hierph" {elec, rF++}
  8017 | Bailey   | Reached skill level 12 in Long Blades
  8181 | Bailey   | Noticed an orc warlord
  8717 | Bailey   | Reached **** piety under Elyvilon
  8726 | Bailey   | Reached skill level 13 in Long Blades
  8726 | Bailey   | Reached XP level 11. HP: 68/68 MP: 16/16
  8833 | Bailey   | Killed an orc warlord
  8834 | Bailey   | Reached skill level 14 in Long Blades
  9042 | D:9      | Found a radiant altar of Vehumet.
  9296 | D:9      | Reached skill level 5 in Dodging
  9644 | D:9      | Reached ***** piety under Elyvilon
  9683 | D:9      | Reached XP level 12. HP: 65/75 MP: 18/18
 10251 | D:10     | Entered Level 10 of the Dungeon
 10318 | D:10     | Found a staircase to the Orcish Mines.
 10415 | D:10     | Found a broken altar of Ashenzari.
 10426 | D:10     | Noticed a tengu warrior
 10441 | D:10     | Killed a tengu warrior
 10578 | D:10     | Found a staircase to the Lair.
 10650 | D:10     | Found an ancient bone altar of Kikubaaqudgha.
 10710 | D:10     | Noticed a boulder beetle
 10710 | D:10     | Noticed a two-headed ogre
 11204 | D:11     | Noticed a two-headed ogre
 11214 | D:11     | Killed a two-headed ogre
 11404 | D:11     | Noticed a boulder beetle
 11429 | D:11     | Pacified a boulder beetle
 12131 | D:12     | Found a frozen archway.
 12170 | IceCv    | Entered an ice cave
 12615 | IceCv    | Noticed a quicksilver ooze
 12621 | IceCv    | Killed a quicksilver ooze
 12887 | IceCv    | Reached XP level 13. HP: 81/81 MP: 19/21
 13117 | IceCv    | Elyvilon protects you from harm!
 13119 | IceCv    | HP: 4/82 [slime creature (1)]
 13125 | IceCv    | Reached skill level 10 in Fighting
 13390 | IceCv    | Found a viscous altar of Jiyva.
 13390 | IceCv    | Noticed an azure jelly
 13393 | IceCv    | Noticed an azure jelly
 13404 | IceCv    | Killed an azure jelly
 13404 | IceCv    | Killed an azure jelly
 13405 | IceCv    | Reached skill level 10 in Invocations
 13418 | IceCv    | Identified the +3 ice dragon scales of Zuochass {rElec rF-
                  | rC++ Will- Slay+4}
 13422 | IceCv    | Identified the ring "Hicideera" {rPois rF+ rC+ rN+}
 13939 | D:12     | Found a corrupted altar of Lugonu.
 14768 | D:13     | Noticed a vault guard
 14953 | D:13     | Killed a vault guard
 15101 | D:13     | Noticed a vault guard
 15129 | D:13     | Killed a vault guard
 15133 | D:13     | Paralysed by something for 4 turns
 15285 | D:13     | Found a gate to the Vaults.
 15361 | D:13     | Noticed a vault guard
 15373 | D:13     | Killed a vault guard
 15602 | D:13     | Found a runed translucent gate.
 15602 | D:13     | Found a runed translucent gate.
 15602 | D:13     | Found a runed translucent gate.
 15605 | D:13     | Found an ancient bone altar of Kikubaaqudgha.
 15605 | D:13     | Noticed a lich
 15605 | D:13     | Noticed a lich
 15606 | D:13     | Noticed Ethylacetat's ghost (journeyman OpSh)
 15606 | D:13     | Noticed a lich
 15606 | D:13     | Noticed Dahifo's ghost (journeyman TrMo)
 16116 | D:14     | Reached XP level 14. HP: 50/88 MP: 20/23
 16510 | D:14     | Found a bloodstained altar of Trog.
 16764 | Abyss:2  | Cast into level 2 of the Abyss (a wizard)
 16778 | Abyss:2  | Noticed a starcursed mass
 16820 | Abyss:2  | Found a corrupted altar of Lugonu.
 16822 | Abyss:2  | Found a corrupted altar of Lugonu.
 16822 | Abyss:2  | Found a corrupted altar of Lugonu.
 16933 | Abyss:2  | Reached skill level 10 in Armour
 16933 | Abyss:2  | Found a shadowy altar of Dithmenos.
 17000 | Abyss:2  | Reached ****** piety under Elyvilon
 17151 | Abyss:2  | Gained mutation: You occasionally shout uncontrollably at
                  | your foes. [a neqoxec]
 17152 | Abyss:2  | HP: 3/63 [wretched star/lance of force (33)]
 17152 | Abyss:2  | Elyvilon protects you from harm!
 17156 | Abyss:2  | Lost mutation: You occasionally shout uncontrollably at
                  | your foes. [a neqoxec]
 17158 | Abyss:2  | Elyvilon protects you from harm!
 17167 | Abyss:2  | HP: 2/63 [wretched star/lance of force (14)]
 17423 | Abyss:2  | Noticed an Executioner
 17427 | Abyss:2  | Noticed a lich
 17462 | Abyss:2  | Noticed a purple draconian shifter
 17499 | Abyss:2  | Killed a purple draconian shifter
 17503 | D:14     | Escaped the Abyss
 17796 | D:15     | Entered Level 15 of the Dungeon
 18048 | D:15     | Found Qatso's Distillery.
 18143 | D:15     | Bought a potion of might for 48 gold pieces
 18143 | D:15     | Bought a potion of enlightenment for 60 gold pieces
 18237 | D:15     | Reached skill level 10 in Dodging
 18473 | D:12     | Reached XP level 15. HP: 91/96 MP: 25/25
 18556 | D:13     | Killed a lich
 18559 | D:13     | Killed a lich
 18563 | D:13     | Killed a lich
 18572 | D:13     | Killed Dahifo's ghost
 18577 | D:13     | Killed Ethylacetat's ghost
 18773 | D:13     | Identified the amulet of Activism {Faith Will- Str+5}
 18782 | D:13     | Identified the +1 hat of Action {rPois rC- rN++}
 18802 | D:13     | Identified a scroll of acquirement
 18804 | D:13     | Acquired a +0 double sword of holy wrath
 18808 | D:13     | Identified the +7 orcbow of Exchange {freeze, rElec rF+++
                  | MP+9 Dex-2}
 19029 | Lair:1   | Entered Level 1 of the Lair of Beasts
 19338 | Lair:1   | Identified the ring "Acvieco" {rCorr MP+9 Slay+3}
 19678 | Lair:1   | Identified the +6 dagger "Ihuulose" {antimagic, rElec rN+
                  | Stlth+}
 20436 | Lair:2   | Found a staircase to the Shoals.
 20748 | Lair:2   | Found a transporter.
 20749 | Lair:2   | Found a transporter.
 21184 | Lair:3   | Found an opulent altar of Gozag.
 21184 | Lair:3   | Found a hole to the Spider Nest.
 22944 | Lair:5   | Entered Level 5 of the Lair of Beasts
 23113 | Lair:5   | Reached skill level 15 in Long Blades
 23399 | Lair:5   | Found a viscous altar of Jiyva.
 23400 | Lair:5   | Found a staircase to the Slime Pits.
 23414 | Lair:5   | Reached XP level 16. HP: 96/103 MP: 27/27
 23841 | Lair:5   | Identified the +1 quarterstaff of the Scorching Fool {holy,
                  | rPois Str+4 Int+5}
 23847 | Lair:5   | Identified the +3 quarterstaff of Proximity {pain, rF+
                  | Will- Int+3}
 23850 | Lair:5   | Identified the amulet of Biumoi {Regen+ Str+6}
 23875 | Lair:5   | Noticed Kirke
 23984 | Lair:5   | Killed Kirke
 24499 | D:6      | Fell from the grace of Elyvilon
 24499 | D:6      | Became a worshipper of the Shining One
 24499 | D:6      | Reached * piety under the Shining One
 24499 | D:6      | Reached ** piety under the Shining One
 24622 | Temple   | Entered the Ecumenical Temple
 24689 | Orc:1    | Entered Level 1 of the Orcish Mines
 24699 | Orc:1    | Reached *** piety under the Shining One
 25163 | Orc:2    | Entered Level 2 of the Orcish Mines
 25165 | Orc:2    | Noticed Sonja
 25199 | Orc:2    | Found a staircase to the Elven Halls.
 25228 | Orc:2    | Killed Sonja
 25286 | Orc:2    | Reached **** piety under the Shining One
 25389 | Orc:2    | Noticed Rupert
 25403 | Orc:2    | Killed Rupert
 25469 | Orc:2    | Noticed Nessos
 25475 | Orc:2    | Killed Nessos
 25826 | Orc:2    | Found Joyduadiy's Weapon Boutique.
 25829 | Orc:2    | Found Davva's Antique Weapon Shop.
 25830 | Orc:2    | Found Otabec's Antique Weapon Boutique.
 25831 | Orc:2    | Found Yhessorch's Book Boutique.
 26111 | Spider:1 | Entered Level 1 of the Spider Nest
 26197 | Spider:1 | Reached skill level 1 in Throwing
 26271 | Spider:1 | Reached ***** piety under the Shining One
 26279 | Spider:1 | Reached skill level 16 in Long Blades
 26658 | Spider:1 | Reached XP level 17. HP: 108/108 MP: 28/28
 28520 | Spider:4 | Entered Level 4 of the Spider Nest
 28535 | Spider:4 | Reached skill level 5 in Throwing
 28636 | Spider:4 | Reached ****** piety under the Shining One
 28743 | Spider:4 | Identified a +5 eudemon blade of holy wrath (a +3 demon
                  | blade blessed by the Shining One)
 28743 | Spider:4 | Received a gift from the Shining One
 28981 | Spider:4 | Reached skill level 10 in Shields
 29230 | Spider:4 | Noticed Arachne
 29241 | Spider:4 | Killed Arachne
 29255 | Spider:4 | Reached XP level 18. HP: 76/116 MP: 29/30
 29257 | Spider:4 | Reached skill level 15 in Invocations
 29442 | Spider:4 | Identified the +1 hat of Giol Joy {Fly}
 29691 | Spider:4 | Got a gossamer rune of Zot
 30097 | Temple   | Fell from the grace of the Shining One
 30097 | Temple   | Became a worshipper of Zin the Law-Giver
 30097 | Temple   | Reached * piety under Zin
 30097 | Temple   | Reached ** piety under Zin
 30097 | Temple   | Reached *** piety under Zin
 30097 | Temple   | Reached **** piety under Zin
 30098 | Temple   | Donated 1025 gold pieces to Zin
 30117 | D:7      | Reached ***** piety under Zin
 30248 | Shoals:1 | Entered Level 1 of the Shoals
 30294 | Shoals:1 | Noticed Frances
 30305 | Shoals:1 | Killed Frances
 30763 | Shoals:1 | Reached ****** piety under Zin
 32332 | Shoals:3 | Reached skill level 10 in Throwing
 32468 | Shoals:3 | HP: 3/117 [tentacle[a kraken] (4)]
 32474 | Shoals:3 | HP: 4/117 [tentacle[a kraken] (17)]
 32474 | Shoals:3 | Annihilated by a kraken

Illustrated notes

Levels and vault maps discovered:
D:1:      lightli_arrival_noodles, layout_loops_corners, minmay_unequal
D:2:      layout_loops_ring, basic_altar, serial_aquarium,
          aquarium_bridge_long_joined [aquarium_subvault_bridge,
          aquarium_subvault_bridge, aquarium_subvault_window,
          aquarium_subvault_wall, aquarium_subvault_balcony,
          aquarium_subvault_bridge], aquarium_window_2,
          aquarium_window_corridor_1, aquarium_window_1, aquarium_view_2a,
          aquarium_balcony_3b, aquarium_pool_2, minmay_misc_feat_plants,
          minmay_misc_feat_tower, chequers_serial_rivers_large_b,
          minmay_small_reverse_x, uniq_natasha, uniq_robin
D:3:      layout_basic, minmay_puff, uniq_ijyb
D:4:      layout_gridville, mainiacjoe_overflow_small_starburst,
          kennysheep_slug_shrine, uniq_grinder
D:5:      layout_basic, mainiacjoe_overflow_catch_the_wave, serial_shops,
          nicolae_shop_trees
D:6:      corexii_shack_village, layout_cave_pools,
          nicolae_wu_jian_immortal_techniques, nicolae_tso_besieged_by_evil,
          mainiacjoe_overflow_surrounded_room, grunt_decor_one_mirror
D:7:      layout_basic, temple_green
D:8:      layout_rooms, grunt_dithmenos_shadows, the_hattery, uniq_joseph,
          uniq_grum, uniq_maurice
D:9:      layout_layer_cave, mainiacjoe_overflow_boulevard, enter_bailey_6,
          bh_circular_ruins
D:10:     layout_cave_pools, amcnicky_altar_gilded, kennysheep_little_box,
          erik_lair_island, hiddenorc2_lemuel, minmay_misc_feat_nine_boxes,
          lightli_corner_chamber
D:11:     layout_long_grid, st_stairs_6
D:12:     layout_basic, portal_ice_cave_demonic_guard, tgw_lugonu_bribe
D:13:     layout_small_grid, grunt_vaults_entry_fortified, gammafunk_ghost_crypt
D:14:     layout_roguey, trog_three_pillars_becter
D:15:     hellmonk_depths_entry_around_the_bend, layout_rooms, serial_shops,
          nicolae_shop_stone, minmay_misc_feat_four_crosses, evilmike_butchery
Temple:   jpeg_temple_clearing
Lair:1:   minmay_lair_venomous_thicket, layout_chaotic_city, minmay_holes
Lair:2:   gammafunk_boulding_lane, layout_loops_ring,
          minmay_shoals_entry_lonely_mermaid, serial_bayou_pond_e
Lair:3:   layout_gridlike, dummy_spider_entry, basic_altar,
          columned_hall_lemuel, infiniplex_staircase_pool
Lair:4:   layout_hall_layers, grunt_forest_large_clearing_hut
Lair:5:   gammafunk_lair_ancient_temple, layout_regular_city, slime_entry_1,
          infiniplex_staircase_pool_2, uniq_kirke
Shoals:1: cheibrodos_shoals_epimethial_gifts, layout_shoals, uniq_frances
Shoals:2: layout_shoals
Shoals:3: nicolae_shoals_deep_elves_summer_vacation, layout_shoals,
          uniq_bai_suzhen
Spider:1: nicolae_spider_hilbert_zone_1 [nicolae_spider_hilbert_4_sides_1_open,
          nicolae_spider_hilbert_4_sides_1_open,
          nicolae_spider_hilbert_4_sides_1_open,
          nicolae_spider_hilbert_4_sides_1_open,
          nicolae_spider_hilbert_3_sides_1_open,
          nicolae_spider_hilbert_3_sides_1_open,
          nicolae_spider_hilbert_3_sides_1_open,
          nicolae_spider_hilbert_3_sides_1_open,
          nicolae_spider_hilbert_3_sides_1_open,
          nicolae_spider_hilbert_6_sides_1_open,
          nicolae_spider_hilbert_6_sides_1_open,
          nicolae_spider_hilbert_3_sides_1_open,
          nicolae_spider_hilbert_3_sides_1_open,
          nicolae_spider_hilbert_3_sides_1_open,
          nicolae_spider_hilbert_3_sides_1_open,
          nicolae_spider_hilbert_2_sides_1_open], drop_trap
Spider:2: layout_spider_delve, hangedman_spider_tarantella_strand,
          nicolae_spider_cling_halls
Spider:3: layout_spider_delve
Spider:4: guppyfry_spider_rune, uniq_arachne
Orc:1:    nicolae_orc_accident_3, layout_caves
Orc:2:    st_orc_pillars, layout_caves, nicolae_orc_crystal_geode, uniq_sonja,
          uniq_nessos, uniq_rupert

Skill      XL: |  1  2  3  4  5  6  7  8  9 10 11 12 13 14 15 16 17 18 |
---------------+-------------------------------------------------------+-----
Long Blades    | 3 4 5 6 8 10 13 14 15 16 | 16.0
Shields        | 4 5 7 8 9 10 | 10.0
Fighting       | 4 6 7 8 9 10 11 12 13 14 | 14.5
Invocations    | 1 2 4 5 6 7 9 11 12 13 14 15 | 15.5
Armour         | 6 8 9 10 11 12 13 14 | 14.3
Dodging        | 4 5 7 8 10 11 12 13 | 13.6
Throwing       | 3 7 10 | 10.0

Action                     |  1- 3 |  4- 6 |  7- 9 | 10-12 | 13-15 | 16-18 || total
---------------------------+-------+-------+-------+-------+-------+-------++-------
  Melee: Long sword        |    65 |   114 |    26 |       |   373 |       ||   578
         Kick              |    15 |    30 |    96 |   205 |   369 |   619 ||  1334
         Peck              |     7 |    11 |    47 |   136 |   237 |   349 ||   787
         Dagger            |       |       |   206 |    28 |       |       ||   234
         Scimitar          |       |       |    68 |   560 |   208 |       ||   836
         Double sword      |       |       |       |       |   313 |   900 ||  1213
         Eudemon blade     |       |       |       |       |       |   296 ||   296
  Throw: Dart              |       |     3 |       |    37 |       |     9 ||    49
         Throwing net      |       |       |       |     2 |     1 |       ||     3
         Boomerang         |       |       |       |       |     3 |    15 ||    18
 Invoke: Purification      |       |       |     3 |     3 |     9 |     1 ||    16
         Heal Other        |       |       |     2 |     1 |    15 |     3 ||    21
         Heal Self         |       |       |     2 |       |    20 |       ||    22
         Divine Vigour     |       |       |       |       |     1 |       ||     1
         Divine Shield     |       |       |       |       |       |     2 ||     2
         Summon Divine War |       |       |       |       |       |     3 ||     3
         Brand Weapon With |       |       |       |       |       |     1 ||     1
         Recite            |       |       |       |       |       |    10 ||    10
         Vitalisation      |       |       |       |       |       |     1 ||     1
         Donate Gold       |       |       |       |       |       |     1 ||     1
  Evoke: Wand              |       |       |       |     8 |     7 |     5 ||    20
    Use: Potion            |       |     2 |       |     2 |     2 |     7 ||    13
         Scroll            |       |       |    10 |     5 |    16 |    12 ||    43
   Stab: Held in net/web   |       |       |       |     2 |     1 |       ||     3
         Invisible         |       |       |       |     4 |       |       ||     4
         Distracted        |       |       |       |     1 |       |       ||     1
         Confused          |       |       |       |       |       |     2 ||     2
 Armour: Scale mail        |    22 |       |       |       |       |       ||    22
         Plate armour      |     7 |    53 |   110 |    50 |       |       ||   220
         Leather armour    |       |       |       |    40 |     8 |       ||    48
         Ice dragon scales |       |       |       |       |   307 |   404 ||   711
  Dodge: Dodged            |    31 |    50 |   122 |   323 |   763 |   963 ||  2252
  Block: Buckler           |    19 |    25 |    78 |   164 |   332 |   271 ||   889
         Kite shield       |       |       |       |       |    11 |   338 ||   349

Table legend: (Time is in decaauts)
 A = Elapsed time spent in this place.
 B = Non-inter-level travel time spent in this place.
 C = Inter-level travel time spent in this place.
 D = Time resting spent in this place.
 E = Time spent auto-exploring this place.
 F = Levels seen in this place.
 G = Mean time per level.
                   A        B        C        D        E       F      G
               +--------+--------+--------+--------+--------+-----+--------+
         Total |  29957 |  28402 |   1555 |   3868 |  18153 |  33 |  907.8 |
       Dungeon |  15015 |  13990 |   1025 |   1981 |   9597 |  15 | 1001.0 |
        Temple |     29 |      3 |     26 |      0 |      0 |   1 |   29.0 |
          Lair |   5058 |   4724 |    334 |    440 |   3521 |   5 | 1011.6 |
        Shoals |   2003 |   1974 |     29 |     55 |   1330 |   3 |  667.7 |
   Spider Nest |   3473 |   3375 |     98 |    191 |   2422 |   4 |  868.2 |
  Orcish Mines |   1194 |   1154 |     40 |      0 |    780 |   2 |  597.0 |
         Abyss |    671 |    671 |      0 |    295 |      0 |   1 |  671.0 |
        Bailey |   1153 |   1153 |      0 |    311 |     59 |   1 | 1153.0 |
      Ice Cave |   1357 |   1357 |      0 |    592 |    442 |   1 | 1357.0 |
               +--------+--------+--------+--------+--------+-----+--------+

Top non-repeatable levels by time:
    D:13: 2006 daAuts
     D:9: 1383 daAuts
   IceCv: 1357 daAuts
Spider:4: 1245 daAuts
  Lair:5: 1216 daAuts
     D:3: 1173 daAuts
  Bailey: 1153 daAuts
    D:14: 1084 daAuts
     D:5: 1070 daAuts
  Lair:2: 1054 daAuts
  Lair:1: 1043 daAuts
  Lair:4: 1006 daAuts
    D:12: 996 daAuts
Spider:1: 960 daAuts
     D:6: 959 daAuts
